 Dungeon Crawl Stone Soup version 0.23.1 (webtiles) character file.

Game seed: 15788114627452790765

51 Borgoz the Sneak (level 3, -2/20 HPs)
             Began as a Gargoyle Enchanter on Mar 9, 2019.
             Slain by a bullfrog (3 damage)
             ... on level 3 of the Dungeon.
             The game lasted 00:02:21 (1976 turns).

Borgoz the Sneak (Gargoyle Enchanter)               Turns: 1976, Time: 00:02:22

Health: -2/20      AC:  6    Str: 11    XL:     3   Next: 83%
Magic:  6/6        EV: 12    Int: 13    God:
Gold:   103        SH:  0    Dex: 11    Spells: 5/6 levels left

rFire    . . .     SeeInvis .   a - +1 dagger
rCold    . . .     Gourm    .   (no shield)
rNeg     + . .     Faith    .   b - +0 robe
rPois    ∞         Spirit   .   (no helmet)
rElec    +         Reflect  .   m - +0 cloak
rCorr    .         Harm     .   (no gloves)
MR       +....                  (no boots)
Stlth    ++........             (no amulet)
HPRegen  0.06/turn              (no ring)
MPRegen  0.10/turn              (no ring)

@: no status effects
A: dopey 1, magic resistance 1, negative energy resistance 1, electricity
resistance, unbreathing, petrification resistance, rot immunity, AC +3
a: no special abilities


You were on level 3 of the Dungeon.
You were not hungry.

You visited 1 branch of the dungeon, and saw 3 of its levels.

You collected 103 gold pieces.

Inventory:

Hand Weapons
 a - a +1 dagger (weapon)
Armour
 b - a +0 robe (worn)
 h - a scarf of resistance
 m - a +0 cloak (worn)
Scrolls
 e - a scroll of magic mapping {unknown}
 i - 2 scrolls of fog
 j - 5 scrolls of identify {unknown}
 k - a scroll of teleportation {unknown}
 l - a scroll of fear {unknown}
 n - 2 scrolls of blinking {unknown}
 o - a scroll of immolation {unknown}
Potions
 f - 3 potions of curing {unknown}
 g - a potion of brilliance {unknown}
Comestibles
 d - 4 rations


   Skills:
 + Level 0.9 Fighting
 * Level 1.5 Short Blades
 + Level 1.1 Armour
 * Level 2.0 Dodging
 + Level 3.5 Stealth
 + Level 2.2 Spellcasting
 + Level 2.9 Hexes


You had 5 spell levels left.
You knew the following spells:

 Your Spells              Type           Power        Failure   Level  Hunger
a - Corona                Hex            #......      8%          1    ##.....

Your spell library contained the following spells:

 Spells                   Type           Power        Failure   Level  Hunger
 Ensorcelled Hibernation  Hex/Ice        #.....       21%         2    ###....
 Confuse                  Hex            #.......     22%         3    ####...
 Tukima's Dance           Hex            #.......     22%         3    ####...
 Dazzling Spray           Conj/Hex       #.....       38%         3    ####...


Dungeon Overview and Level Annotations

Branches:
Dungeon (3/15)

Altars:
Gozag
Makhleb
Nemelex Xobeh
Qazlal


Innate Abilities, Weirdness & Mutations

You are resistant to torment.
Your stone body is resilient. (AC +3)
You are immune to poison.
You resist negative energy. (rN+)
You are resistant to electric shocks. (rElec)
You can survive without breathing.
You are immune to petrification.
You are immune to rotting.
You are dopey. (Int -2)
You are resistant to hostile enchantments. (MR+)


Message History

A bullfrog is nearby!
A quokka comes into view. x2
Found 17 gold pieces.
The bullfrog gives a loud, deep croak!
You hear a bark!
A jackal comes into view.
The bullfrog hits you.
You closely miss the bullfrog.
The bullfrog hits you but does no damage.
The bullfrog hits you.
The quokka bites you but does no damage.
A jackal comes into view.
The bullfrog misses you. The quokka bites you. The bullfrog hits you.
The bullfrog hits you.
* * * LOW HITPOINT WARNING * * *
It was a potion of mutation.
You feel extremely strange.
You feel stupid.
You feel resistant to hostile enchantments.
The bullfrog hits you.
You die...

#.......# #.......#
#.......###
##.........
##.....####
##...)...#
#........#
#........##
#@#.......##
#F##...#...##
#######r.######...##
#.....##h# ##...#
.......#.## #...##
..........# ##...#
...$....#..# #.#.#
........##.# #.#.###
........# ..#
#.#...##


You could see a bullfrog, a quokka and a jackal.

Vanquished Creatures
  An adder (D:2)
  2 worms (D:2)
  3 leopard geckos
  3 bats
  4 giant cockroaches
  4 goblins
  3 hobgoblins
  2 frilled lizards
  4 kobolds
  7 rats
33 creatures vanquished.

Notes
Turn   | Place    | Note
-------+----------+-------------------------------------------
     0 | D:1      | Borgoz the Gargoyle Enchanter began the quest for the Orb.
     0 | D:1      | Reached XP level 1. HP: 10/10 MP: 3/3
    87 | D:1      | Reached skill level 1 in Short Blades
   234 | D:1      | Reached XP level 2. HP: 14/15 MP: 5/5
   557 | D:1      | Found a burning altar of Makhleb.
   780 | D:2      | Found a stormy altar of Qazlal.
   829 | D:2      | Found a sparkling altar of Nemelex Xobeh.
   899 | D:2      | Reached XP level 3. HP: 20/20 MP: 6/6
  1330 | D:2      | Reached skill level 1 in Armour
  1783 | D:2      | Found an opulent altar of Gozag.
  1963 | D:3      | Noticed a bullfrog
  1975 | D:3      | HP: 1/20 [bullfrog (6)]
  1976 | D:3      | Gained mutation: You are dopey. (Int -2) [potion of
                  | mutation]
  1976 | D:3      | Gained mutation: You are resistant to hostile enchantments.
                  | (MR+) [potion of mutation]
  1976 | D:3      | Slain by a bullfrog

Skill      XL: |  1  2  3 |
---------------+----------+-----
Short Blades   | 1 |  1.5
Armour         | 1 |  1.1
Dodging        | 2 |  2.0
Fighting       | |  0.9
Stealth        | |  3.5
Spellcasting   | |  2.2
Hexes          | |  2.9

Action                   || total
-------------------------++-------
Melee: Dagger            ||   161
  Use: Scroll            ||     1
       Potion            ||     1
 Stab: Sleeping          ||     2
  Eat: Chunk             ||     3
Armor: Robe              ||    52
Dodge: Dodged            ||   105
